Description

'THE BRICK' from uThermal's Terran School

VOD

https://www.youtube.com/watch?v=tIsq0nGRRcQ&t=3s

Replay - 2020-06-05 - (T)MaDMarC VS (Z)RiSky

Build Order

Get SALT Encoding   

  12  0:01  SCV  
  13  0:13  SCV  
  14  0:17  Supply Depot  
  14  0:25  SCV  
  15  0:38  SCV  
  15  0:39  Barracks  
  16  0:43  Refinery  
  16  0:50  SCV  
  17  1:02  SCV  
  18  1:14  SCV  
  19  1:26  Reaper, Orbital Command  
  20  1:39  Command Center  
  20  1:47  Supply Depot  
  20  1:52  SCV  
  21  1:58  Marine  
  22  2:04  SCV  
  22  2:08  Factory  
  23  2:19  SCV  
  23  2:20  Barracks Reactor  
  25  2:39  Command Center  
  26  2:51  Orbital Command  
  27  2:59  Starport  
  27  3:07  Refinery  
  27  3:11  Hellion x2  
  34  3:32  Hellion x2  
  38  3:39  Viking  
  42  3:48  Barracks Tech Lab  
  44  3:52  Liberator  
  44  3:53  Orbital Command  
  45  4:01  Hellion x2  
  55  4:19  Supply Depot  
  55  4:20  Stimpack  
  55  4:21  Marine  
  58  4:28  Hellion  
  60  4:35  Supply Depot  
  61  4:41  Marine  
  65  4:52  Starport Reactor  
  65  4:54  Barracks x2  
  65  4:58  Factory Tech Lab, Marine  
  69  5:00  Engineering Bay x2, Refinery  
  70  5:07  Supply Depot, Orbital Command  
  71  5:15  Barracks x2  
  71  5:16  Marine  
  71  5:21  Siege Tank  
  77  5:30  Refinery  
  77  5:34  Marine  
  80  5:37  Starport Reactor  
  81  5:52  Marine x3  
  84  5:57  Terran Infantry Weapons Level 1, Terran Infantry Armor Level 1  
  84  6:02  Siege Tank, Marine  
  90  6:06  Barracks Reactor x2  
  93  6:22  Combat Shield, Medivac  
  100  6:35  Siege Tank  
  110  6:49  Medivac x2  
  121  7:02  Barracks x3  
  121  7:06  Armory  
  128  7:19  Medivac x2  
  139  7:36  Siege Tank  
  157  8:03  Terran Infantry Weapons Level 2  
  157  8:04  Terran Infantry Armor Level 2  
  164  8:14  Terran Vehicle Weapons Level 1  
  166  8:32  Medivac  
  164  8:41  Medivac  
  164  8:46  Siege Tank, Command Center  
  154  9:02  Medivac  
  157  9:11  Medivac  
  167  9:32  Medivac  
Spawning Tool Build Advisor. Get it on Overwolf

Go to:

Details

  • Created by: skyebuddha
  • Published on: Jun 08, 2020
  • Modified on: Jun 08, 2020
  • Patch: 4.11.0
  • Difficulty: Hard
Show
View Real Time Build Order
Export as new Build Order

Comments (1)

On July 15, 2020, 10:17 p.m., ttam.mi  said:

you have an extra orbital command tag at the 70 supply line

Create an account to comment!